 Dungeon Crawl Stone Soup version 0.21.0-24-g2553a3340b (webtiles) character file.

476 Gargoyl the Agent of Entropy (level 6, -2/52 HPs)
             Began as a Centaur Abyssal Knight on Jan 22, 2018.
             Was a Priest of Lugonu.
             Slain by an orc
             ... wielding a +0 morningstar
              (3 damage)
             ... on level 4 of the Dungeon.
             The game lasted 00:07:54 (4229 turns).

Gargoyl the Agent of Entropy (CeAK)                 Turns: 4229, Time: 00:07:54

Health: -2/52      AC: 10    Str: 14    XL:     6   Next: 85%
Magic:  18/18      EV:  4    Int: 11    God:    Lugonu [***...]
Gold:   223        SH:  0    Dex: 11    Spells: 5/5 levels left

rFire    . . .     SeeInvis .   b - +1 war axe
rCold    . . .     Gourm    .   (no shield)
rNeg     . . .     Faith    .   q - +2 chain mail {rPois}
rPois    +         Spirit   .   (no helmet)
rElec    .         Reflect  .   (no cloak)
rCorr    .         Harm     .   (no gloves)
MR       .....                  (no barding)
Stlth    ..........             (no amulet)
HPRegen  0.17/turn              d - ring of magical power
MPRegen  0.16/turn              g - ring of poison resistance

@: very quick
A: large, hooves 3, deformed body, speed 2, tough skin 3
a: Depart the Abyss, Bend Space, Banish, Renounce Religion


You were on level 4 of the Dungeon.
You worshipped Lugonu.
Lugonu was most pleased with you.
You were not hungry.

You visited 1 branch of the dungeon, and saw 5 of its levels.
You visited the Abyss 1 time.

You collected 223 gold pieces.

Inventory:

Hand Weapons
 a - a +1 hand axe
 b - a +1 war axe (weapon)
Armour
 q - a +2 chain mail of poison resistance (worn)
Jewellery
 d - a ring of magical power (left hand)
 g - a ring of poison resistance (right hand)
Scrolls
 f - 2 scrolls of amnesia
 h - a scroll of identify
 u - a scroll of remove curse
Comestibles
 c - 9 rations


   Skills:
 + Level 3.8 Fighting
 + Level 3.5 Axes
 * Level 3.5 Armour
 + Level 0.7 Dodging
 * Level 4.4 Invocations


You had 5 spell levels left.
You didn't know any spells.

Dungeon Overview and Level Annotations

Branches:
Dungeon (5/15)
 Temple: D:4-7

Altars:
Ru
Wu Jian
The Shining One

Annotations:
D:4 Blork the orc


Innate Abilities, Weirdness & Mutations

You have hooves in place of feet.
Armour fits poorly on your strangely shaped body.
You cover ground very quickly.
You have extremely tough skin. (AC +3)


Message History

You slash the orc priest! Your kick misses the orc priest.
The orc priest is almost dead.
You hit the orc.
Your chain mail prevents you from hitting the orc wizard.
The orc wizard hits you with a dagger.
* * * LOW HITPOINT WARNING * * *
The orc priest hits you with a mace.
* * * LOW HITPOINT WARNING * * *
The orc wizard hits you but does no damage.
The orc hits you but does no damage.
You hit the orc priest.
You kill the orc priest!
Lugonu accepts your kill.
You closely miss the orc. You barely miss the orc wizard.
The orc wizard hits you but does no damage.
The orc barely misses you.
The orc wizard hits you but does no damage.
The orc wizard hits you but does no damage.
The orc hits you with a morningstar.
You die...

#.....#,*,,,,,,,,,,,,,,...,,,,*#.
#.....#,*##....#########.##,,,*#.
,,,,,,,,,.......#.........#,,,*#.
*,,,,,,***#.....#.##...#..#,,,*#.
,,,,,,,**##.....#.##...#..######.
,,,,,,,,,.................#......
,*,,,,,,,.................#......
,,,,,,,,,........o...............
,,,,,,,,,...w...@.......#.#...#..
,,,,,,,,,...#...)o......#.#...#..
,,,,,,,,,...............#.#......
,,,,,,,,,.........###...#+#.....#
,,,,,,,,,.........###.>..........
,,,,,,,,,........................
,*,,,,,,,.........###.........#..
,*,,,,,,*##.#.#...####........#..
,*,,,,,>* *,*,,,........<.....#..


You could see a worm, an orc wizard and an orc.

Vanquished Creatures
  A wyvern zombie (D:5)
  A hound (D:4)
  A centaur skeleton (D:4)
  3 orc priests
  A human skeleton (D:4)
  A worker ant (D:5)
  A worker ant zombie (D:4)
  A gnoll (D:5)
  10 adders
  An ooze (D:2)
  4 worms
  2 dart slugs
  2 leopard geckos
  11 orcs
  9 bats
  7 giant cockroaches
  12 goblins
  4 hobgoblins
  8 jackals
  2 kobolds
  2 frilled lizards (D:2)
  4 rats
88 creatures vanquished.

Notes
Turn   | Place    | Note
-------+----------+-------------------------------------------
     0 | Abyss:1  | Gargoyl the Centaur Abyssal Knight began the quest for the Orb.
     0 | Abyss:1  | Reached XP level 1. HP: 19/19 MP: 2/2
    34 | Abyss:1  | Noticed a wretched star
    34 | Abyss:2  | Found a corrupted altar of Lugonu.
    99 | Abyss:3  | Noticed a neqoxec
   115 | Abyss:4  | Noticed a white draconian
   115 | D:1      | Escaped the Abyss
   167 | D:1      | Reached * piety under Lugonu
   369 | D:1      | Reached XP level 2. HP: 25/26 MP: 3/3
   966 | D:2      | Reached XP level 3. HP: 8/31 MP: 5/5
  1668 | D:2      | Found a faded altar of an unknown god.
  1743 | D:2      | Reached skill level 3 in Invocations
  1743 | D:2      | Reached XP level 4. HP: 26/38 MP: 6/6
  1957 | D:2      | Found a sacrificial altar of Ru.
  2583 | D:3      | Reached ** piety under Lugonu
  2613 | D:3      | Reached XP level 5. HP: 45/45 MP: 7/7
  2967 | D:3      | Reached skill level 4 in Invocations
  3360 | D:4      | Reached XP level 6. HP: 45/52 MP: 9/9
  3439 | D:4      | Noticed Blork the orc
  3477 | D:4      | Found a sand-covered staircase.
  3480 | D:4      | HP: 2/52 [elf skeleton (5)]
  3490 | D:4      | HP: 2/52 [elf skeleton (5)]
  3514 | D:5      | Entered Level 5 of the Dungeon
  3914 | D:5      | Found a glowing golden altar of the Shining One.
  4028 | D:5      | Found an ornate altar of the Wu Jian Council.
  4226 | D:4      | Reached *** piety under Lugonu
  4227 | D:4      | HP: 2/52 [orc wizard/dagger (1)]
  4229 | D:4      | Slain by an orc

Skill      XL: |  1  2  3  4  5  6 |
---------------+-------------------+-----
Armour         | 2 3 |  3.5
Invocations    | 3 4 |  4.4
Axes           | 2 3 |  3.5
Fighting       | |  3.8
Dodging        | |  0.7

Action                   |  1- 3 |  4- 6 || total
-------------------------+-------+-------++-------
Melee: Hand axe          |    98 |    53 ||   151
       Kick              |    13 |    40 ||    53
       War axe           |       |   126 ||   126
Invok: Depart the Abyss  |     1 |       ||     1
  Use: Scroll            |     3 |    12 ||    15
       Potion            |       |     8 ||     8
 Stab: Distracted        |       |     1 ||     1
  Eat: Chunk             |     1 |     5 ||     6
       Ration            |       |     1 ||     1
Armor: Plate armour      |   122 |    74 ||   196
       Chain mail        |       |    93 ||    93
Dodge: Dodged            |    10 |    45 ||    55
